 Dungeon Crawl Stone Soup version 0.17-a0-155-g14e20c2 (webtiles) character file.

7135 karlm the Basher (level 11, -14/123 HPs)
             Began as an Ogre Hunter on Mar 25, 2015.
             Was an Elder of Okawaru.
             Demolished by a spiny frog (19 damage)
             ... on level 8 of the Dungeon.
             The game lasted 01:19:51 (15898 turns).

karlm the Basher (Ogre Hunter)                     Turns: 15898, Time: 01:19:51

Health: -14/123    AC:  3    Str: 22    XL:     11   Next: 10%
Magic:  18/18      EV: 11    Int: 13    God:    Okawaru [****..]
Gold:   416        SH:  0    Dex: 10    Spells: 0 memorised, 10 levels left

rFire  . . .     SeeInvis .     b - +0 giant club
rCold  . . .     Clarity  .     W - +2 animal skin
rNeg   . . .     SustAb   +     (no shield)
rPois  .         Gourm    .     R - +0 hat {Int+3}
rElec  .         Spirit   .     i - +0 cloak
rCorr  .         Warding  .     (gloves unavailable)
rMut   .         Stasis   .     (boots unavailable)
MR     +....                    (no amulet)
Stlth  +.........               I - -3 ring of protection (curse)
                                l - ring of sustain abilities

@: lethally poisoned (-14 -> -15), somewhat resistant to hostile enchantments,
very unstealthy
A: unfitting armour, tough skin 1
a: Heroism, Renounce Religion


You were on level 8 of the Dungeon.
You worshipped Okawaru.
Okawaru was greatly pleased with you.
You were not hungry.

You visited 3 branches of the dungeon, and saw 10 of its levels.
You also visited: Ossuary.

You collected 452 gold pieces.
You spent 36 gold pieces at shops.

Inventory:

Hand weapons
 a - a cursed +0 spear
 b - a +0 giant club (weapon)
 x - a +0 blowgun
Missiles
 c - 3 throwing nets
 g - 5 tomahawks of dispersal
 j - 79 stones
 s - 38 poisoned needles
 t - 17 tomahawks
 G - 4 large rocks (quivered)
 J - 2 javelins of returning
 T - 6 javelins of penetration
 U - 15 sling bullets
Armour
 i - a +0 cloak (worn)
 k - a +1 robe of resistance
 P - a troll hide
 R - a +0 hat of intelligence (worn)
 W - a +2 animal skin (worn)
Jewellery
 d - an uncursed ring of teleportation
 l - a ring of sustain abilities (left hand)
 u - an uncursed amulet of stasis
 I - a cursed -3 ring of protection (right hand)
Magical devices
 p - a wand of polymorph (15)
 D - a wand of cold (8)
 L - a wand of magic darts (32)
 O - a wand of flame (27)
 V - a wand of teleportation (2)
Scrolls
 e - 2 scrolls of fear
 r - 2 scrolls of random uselessness
 y - a scroll of fog
 Q - a scroll of teleportation
Potions
 h - a potion of curing
 m - a potion of resistance {unknown}
 n - 2 potions of flight {unknown}
 o - 4 potions of haste
 q - a potion of ambrosia {unknown}
 v - a potion of cancellation {unknown}
 w - a potion of beneficial mutation {unknown}
 z - a potion of brilliance {unknown}
 E - 2 potions of degeneration {unknown}
 F - 3 potions of restore abilities
 H - 3 potions of agility {unknown}
 N - 2 potions of poison {unknown}
 S - a potion of lignification {unknown}
Books
 K - a book of the Sky

   Spells                             Type                      Level
   a - Flight                         Charms/Air                   3
   b - Airstrike                      Air                          4
   c - Silence                        Hexes/Air                    5
   d - Deflect Missiles               Charms/Air                   6
   e - Conjure Ball Lightning         Conjuration/Air              6
   f - Tornado                        Air                          9
Comestibles
 f - 5 meat rations
 A - 33 fruits
 B - a chunk of flesh
 C - 5 bread rations


   Skills:
 * Level 11.7 Fighting
 * Level 13.5 Maces & Flails
 + Level 8.1 Throwing
 - Level 3.8 Dodging
 - Level 1.2 Stealth
 + Level 3.5 Invocations
 + Level 3.4 Evocations


You had 10 spell levels left.
You didn't know any spells.

Dungeon Overview and Level Annotations

Branches:
Dungeon (8/15)             Temple (1/1) D:6            Lair (1/8) D:8

Altars:
Ashenzari
Cheibriados
Dithmenos
Fedhas
Gozag
Kikubaaqudgha
Makhleb
Nemelex Xobeh
Okawaru
Qazlal
Ru
Sif Muna
Trog
Vehumet
Xom
Yredelemnul

Shops:
D:4 !

Annotations:
D:4 Pikel


Innate Abilities, Weirdness & Mutations

You are too large for most types of armour.
You have tough skin (AC +1).


Message History

The spiny frog poisons you! The adder bites you. The giant frog hits you!
* * * LOW HITPOINT WARNING * * *
You closely miss the spiny frog.
The spiny frog is lightly wounded.
You feel very sick. The spiny frog closely misses you. The adder bites you.
* * * LOW HITPOINT WARNING * * *
The giant frog misses you. The spiny frog stings you!
* * * LOW HITPOINT WARNING * * *
You are more poisoned.
The spiny frog poisons you! The adder bites you.
* * * LOW HITPOINT WARNING * * *
Drink which item? (? for menu, Esc to quit)
You feel better. The giant frog hits you.
* * * LOW HITPOINT WARNING * * *
The adder bites you.
* * * LOW HITPOINT WARNING * * *
You are poisoned.
The adder poisons you! The spiny frog stings you!!
You die...

###.# #.# ######## #.#
#......######### #.#
#..............# #.#
#..............# #.#
#..............# #.#
#......F.......## #.#
#......S@F......# #.#
#...............# #.#
#...............# #.#
#####...............# #.#
#.....).............######.##
#.#####.####.#.#........##...
#.#####.####...#.#.###..#####
#.......aF............#.## #
#...)...######.#.#.#.###.####


You could see a spiny frog, a giant frog and an adder.

Vanquished Creatures
  Gastronok (D:8)
  2 spiny frogs (D:8)
  A two-headed ogre (D:8)
  A hungry ghost (D:8)
  Eustachio (D:8)
  A yak (D:8)
  Grum (D:8)
  4 wolves (D:8)
  A hippogriff (D:8)
  2 porcupines (D:8)
  A soldier ant (D:8)
  2 sky beasts (D:6)
  A phantom (D:4)
  A slave (D:4)
  2 ice beasts
  An orc warrior (D:6)
  5 centaurs
  2 ogres
  An elf zombie (Ossuary)
  A big kobold (D:8)
  4 giant frogs
  5 scorpions (D:5)
  3 goliath beetles
  4 crimson imps
  A human zombie (Ossuary)
  2 giant frog zombies
  8 hounds
  2 jellies
  A quasit (D:7)
  2 iguanas (D:5)
  Crazy Yiuf (D:4)
  A giant frog skeleton (D:8)
  A gnoll shaman (D:4)
  An orc priest (D:6)
  17 orc wizards
  11 worker ants
  A hell rat (D:8)
  Ijyb (D:2)
  2 big kobold zombies (Ossuary)
  A hound zombie (D:6)
  2 mummies (Ossuary)
  16 adders
  10 gnolls
  2 river rats (D:8)
  A shadow imp (D:8)
  3 worms
  4 giant mites (D:5)
  An adder skeleton (D:5)
  4 adder zombies
  6 giant geckos
  2 oozes
  20 orcs
  A ball python (D:2)
  19 bats
  2 bat skeletons
  16 giant cockroaches
  21 goblins
  20 hobgoblins
  12 jackals
  2 quokkas (D:4)
  5 giant newts
  2 goblin zombies (Ossuary)
  10 hobgoblin zombies (Ossuary)
  A jackal skeleton (D:4)
  20 kobolds
  6 kobold zombies (Ossuary)
  10 orc zombies (Ossuary)
  26 rats
  A rat zombie (Ossuary)
  A fungus (D:5)
347 creatures vanquished.

Vanquished Creatures (others)
  A gnoll (D:5)
  3 fungi
4 creatures vanquished.

Grand Total: 351 creatures vanquished

Notes
Turn   | Place    | Note
--------------------------------------------------------------
     0 | D:1      | karlm, the Ogre Hunter, began the quest for the Orb.
     0 | D:1      | Reached XP level 1. HP: 22/22 MP: 1/1
   292 | D:1      | Reached skill level 1 in Maces & Flails
   311 | D:1      | Reached XP level 2. HP: 25/29 MP: 2/2
   868 | D:1      | Reached XP level 3. HP: 21/36 MP: 3/3
  1643 | D:2      | Reached XP level 4. HP: 30/44 MP: 4/4
  2116 | D:2      | Found a shadowy altar of Dithmenos.
  2396 | D:2      | Noticed Ijyb
  2400 | D:2      | Killed Ijyb
  2400 | D:2      | Reached skill level 5 in Maces & Flails
  2738 | D:2      | Reached XP level 5. HP: 52/52 MP: 5/5
  3532 | D:3      | Reached skill level 6 in Maces & Flails
  4562 | D:4      | Reached skill level 7 in Maces & Flails
  4562 | D:4      | Reached XP level 6. HP: 48/59 MP: 6/6
  4734 | D:4      | Noticed a phantom
  4983 | D:4      | Noticed Pikel
  4983 | D:4      | Noticed a slave
  4983 | D:4      | Noticed a slave
  4983 | D:4      | Noticed a slave
  4983 | D:4      | Noticed a slave
  5109 | D:4      | Noticed an ogre
  5185 | D:3      | Killed an ogre
  5317 | D:4      | Found Inwunk's Distillery.
  5330 | D:4      | Bought a potion of curing for 36 gold pieces
  5591 | D:4      | Found a bloodstained altar of Trog.
  5953 | D:4      | Reached skill level 8 in Maces & Flails
  6334 | D:4      | Found an iron altar of Okawaru.
  6337 | D:4      | Became a worshipper of Warmaster Okawaru
  6579 | D:4      | Reached XP level 7. HP: 57/68 MP: 7/7
  7000 | D:4      | Killed a slave
  7220 | D:4      | Noticed Crazy Yiuf
  7224 | D:4      | Killed Crazy Yiuf
  7283 | D:4      | Killed a phantom
  7332 | D:4      | Reached skill level 5 in Throwing
  7939 | D:5      | Entered Level 5 of the Dungeon
  8139 | D:5      | Reached skill level 5 in Fighting
  8264 | D:5      | Reached skill level 9 in Maces & Flails
  8330 | D:5      | HP: 1/72 [centaur/arrow (6)]
  8429 | D:5      | Reached XP level 8. HP: 11/80 MP: 8/8
  8876 | D:5      | Acquired Okawaru's first power
  9097 | D:5      | Found a bloodstained altar of Trog.
  9942 | D:5      | Reached skill level 1 in Stealth
 10182 | D:5      | Reached skill level 10 in Maces & Flails
 10488 | D:5      | Reached XP level 9. HP: 79/93 MP: 9/9
 10637 | D:6      | Found a staircase to the Ecumenical Temple.
 10651 | Temple   | Entered the Ecumenical Temple
 11010 | D:6      | Found a stormy altar of Qazlal.
 11382 | D:6      | Reached skill level 11 in Maces & Flails
 11829 | D:7      | Received a gift from Okawaru
 13041 | D:8      | Found a sand-covered staircase.
 13044 | D:8      | Reached skill level 1 in Evocations
 13057 | Ossuary  | Entered an ossuary
 13445 | Ossuary  | Reached skill level 12 in Maces & Flails
 13456 | Ossuary  | Reached XP level 10. HP: 89/110 MP: 11/11
 13578 | Ossuary  | Reached skill level 1 in Invocations
 13765 | D:8      | Reached skill level 10 in Fighting
 14009 | D:8      | Noticed Gastronok
 14431 | D:8      | Killed Gastronok
 14541 | D:8      | Noticed Eustachio
 14571 | D:8      | Killed Eustachio
 14648 | D:8      | Noticed Grum
 14664 | D:8      | Killed Grum
 14681 | D:8      | Reached skill level 13 in Maces & Flails
 15046 | D:8      | Received a gift from Okawaru
 15085 | D:8      | Found a staircase to the Lair.
 15427 | Lair:1   | Entered Level 1 of the Lair of Beasts
 15438 | D:8      | HP: 4/114 [spiny frog (22)]
 15724 | D:8      | Received a gift from Okawaru
 15724 | D:8      | Reached XP level 11. HP: 97/122 MP: 17/17
 15898 | D:8      | HP: 5/123 [adder (5)]
 15898 | D:8      | Demolished by a spiny frog

Action                   |  1- 3 |  4- 6 |  7- 9 | 10-12 || total
-------------------------+-------+-------+-------+-------++-------
Melee: Spear             |   134 |   235 |   151 |       ||   520
       Short sword       |    11 |       |       |       ||    11
       Mace              |       |    66 |       |       ||    66
       Club              |       |     7 |       |       ||     7
       Giant club        |       |    80 |   483 |   187 ||   750
Throw: Large rock        |       |    18 |    22 |     6 ||    46
       Throwing net      |       |     1 |       |       ||     1
Invok: Heroism           |       |       |       |     1 ||     1
 Abil: Evoke Teleportati |       |       |     5 |     1 ||     6
Evoke: Wand              |       |       |       |     1 ||     1
  Use: Scroll            |       |    11 |     4 |     4 ||    19
       Potion            |       |     1 |     3 |     6 ||    10
 Stab: Sleeping          |     3 |     1 |     4 |     1 ||     9
       Distracted        |       |       |     1 |     1 ||     2
  Eat: Chunk             |     2 |    16 |    17 |     7 ||    42
       Pizza             |       |       |     1 |     1 ||     2
       Bread ration      |       |       |     1 |       ||     1
       Fruit             |       |       |     1 |       ||     1
       Beef jerky        |       |       |       |     1 ||     1
